 Dungeon Crawl Stone Soup version 0.28.0 (webtiles) character file.

Game seed: 9392725214561378635

12609 jjjjhere the Fighter (level 11, -11/123 HPs)
             Began as an Ogre Conjurer on Feb 12, 2022.
             Was an Elder of the Shining One (penitent).
             Hit by a large rock thrown by a cyclops (45 damage)
             ... on level 13 of the Dungeon.
             The game lasted 00:26:40 (15901 turns).

jjjjhere the Fighter (Ogre Conjurer)               Turns: 15901, Time: 00:26:41

Health: -11/123    AC:  8    Str: 13    XL:     11   Next: 96%
Magic:  20/26      EV:  9    Int: 29    God:    the Shining One [****..]
Gold:   645        SH:  0    Dex:  7    Spells: 9/32 levels left

rFire   . . .      SeeInvis .   a - +0 dagger (venom)
rCold   . . .      Faith    .   (no shield)
rNeg    + + .      Spirit   .   K - +0 acid dragon scales
rPois   .          Reflect  .   (helmet restricted)
rElec   .          Harm     .   c - +0 cloak
rCorr   +          Rampage  .   (gloves unavailable)
Will    +....                   (boots unavailable)
Stlth   +.........              (no amulet)
HPRegen 0.30/turn               A - ring of wizardry
MPRegen 0.20/turn               y - +6 ring of intelligence

@: no status effects
A: large, unfitting armour, tough skin 1
a: Renounce Religion


You were on level 13 of the Dungeon.
You worshipped the Shining One.
The Shining One was demanding penance.
You visited 1 branch of the dungeon, and saw 13 of its levels.

You collected 722 gold pieces.
You spent 77 gold pieces at shops.

Inventory:

Hand Weapons
 a - a +0 dagger of venom (weapon)
 b - a +0 hunting sling of venom
Missiles
 k - 13 boomerangs
 l - 13 sling bullets
 n - 207 stones
 u - 2 curare-tipped darts
Armour
 c - a +0 cloak (worn)
 H - a +0 robe of fire resistance
 K - +0 acid dragon scales (worn)
Magical Staves
 z - a staff of earth
Jewellery
 p - a +4 ring of protection
 y - a +6 ring of intelligence (right hand)
 A - a ring of wizardry (left hand)
 C - a ring of positive energy
 D - a ring of poison resistance
 I - a ring of protection from cold
Wands
 s - a wand of acid (7)
 w - a wand of flame (17)
 E - a wand of iceblast (8)
 M - a wand of mindburst (13)
 N - a wand of paralysis (4)
Scrolls
 e - 2 scrolls of enchant armour {unknown}
 f - 5 scrolls of teleportation
 g - 2 scrolls of holy word {unknown}
 m - 2 scrolls of amnesia {unknown}
 o - a scroll of fog
 r - 3 scrolls of blinking
 v - 2 scrolls of acquirement {unknown}
 F - 2 scrolls of torment {unknown}
 G - 2 scrolls of enchant weapon {unknown}
Potions
 d - 4 potions of flight
 h - a potion of berserk rage
 i - 4 potions of heal wounds
 j - 3 potions of brilliance
 q - a potion of lignification
 t - 4 potions of curing
 x - 3 potions of mutation
 B - 2 potions of ambrosia {unknown}
 J - a potion of haste {unknown}
 L - a potion of magic {unknown}


   Skills:
 - Level 11.9 Fighting
 - Level 1.7 Dodging
 - Level 1.4 Stealth
 + Level 11.4 Spellcasting
 - Level 9.4 Conjurations
 + Level 5.6 Hexes
 - Level 4.1 Summonings
 + Level 3.5 Ice Magic


You had 9 spell levels left.
You knew the following spells:

 Your Spells              Type           Power      Damage    Failure   Level
a - Magic Dart            Conj           100%       1d8       1%          1
b - Searing Ray           Conj           100%       2d8       1%          2
c - Fulminant Prism       Conj/Hex       28%        3d14      1%          4
d - Sticky Flame          Conj/Fire      43%        2d6       2%          4
e - Iskenderun's Mystic   Conj/Tloc      43%        2d10      2%          4
f - Summon Mana Viper     Hex/Summ       45%        N/A       7%          5
g - Frozen Ramparts       Ice            72%        1d9       1%          3

Your spell library contained the following spells:

 Spells                   Type           Power      Damage    Failure   Level
 Shock                    Conj/Air       100%       1d9       1%          1
 Summon Small Mammal      Summ           100%       N/A       1%          1
 Ensorcelled Hibernation  Hex/Ice        86%        N/A       1%          2
 Call Canine Familiar     Summ           40%        N/A       1%          3
 Confusing Touch          Hex            49%        N/A       1%          3
 Conjure Flame            Conj/Fire      43%        6-21      1%          3
 Dazzling Flash           Conj/Hex       100%       N/A       1%          3
 Summon Guardian Golem    Hex/Summ       45%        N/A       1%          3
 Summon Ice Beast         Ice/Summ       38%        N/A       4%          4
 Ignite Poison            Fire/Tmut/Pois 16%        N/A       6%          3
 Spider Form              Tmut/Pois      16%        N/A       6%          3
 Swiftness                Air            16%        N/A       6%          3
 Anguish                  Hex/Necr       16%        N/A       6%          4
 Ice Form                 Ice/Tmut       26%        N/A       9%          4
 Yara's Violent Unravell  Hex/Tmut       16%        3d8       16%         5
 Airstrike                Air            8%         N/A       19%         4
 Summon Forest            Summ/Tloc      14%        N/A       22%         5
 Summon Cactus Giant      Summ           20%        N/A       45%         6
 Enfeeble                 Hex            24%        N/A       80%         7


Dungeon Overview and Level Annotations

Branches:
Dungeon (13/15)            Temple (0/1) D:6            Lair (0/6) D:9
    Orc (0/2) D:9
 Vaults: D:13-14

Altars:
Dithmenos
Yredelemnul
The Shining One
Beogh

Shops:
D:1 ?   D:11 [

Portals:
Trove: D:12 (give 3 potions of resistance)

Annotations:
D:5 1 runed translucent door, Crazy Yiuf


Innate Abilities, Weirdness & Mutations

You are too large for most types of armour.
You have tough skin. (AC +1)


Message History

A cyclops comes into view.
The cyclops shouts!
Casting: Summon Mana Viper (dangerous; 7% risk of failure)
Confirm with . or Enter, or press ? or * to list all spells.
You miscast Summon Mana Viper.
You are very lightly contaminated with residual magic.
You hear an indistinct dissonance whispering inside your mind.
You feel yourself slow down.
Casting: Summon Mana Viper (dangerous; 7% risk of failure)
Confirm with . or Enter, or press ? or * to list all spells.
You miscast Summon Mana Viper.
You feel off-balance for a moment.
Your magical effects are unravelling.
You feel as though you will be slow longer.
The cyclops throws a large rock.
The large rock hits you!!!
The cyclops throws a large rock.
The large rock hits you!!
The cyclops throws a large rock.
The large rock hits you but does no damage.
The cyclops throws a large rock.
The large rock hits you!!
* * * LOW HITPOINT WARNING * * *
You feel yourself speed up.
You start resting.
Your magical contamination has completely faded away.
You start resting.
A cyclops is nearby!
Okay, then.
Casting: Summon Mana Viper (dangerous; 7% risk of failure)
Confirm with . or Enter, or press ? or * to list all spells.
A mana viper appears with a sibilant hiss.
What are your orders? t - Shout!
Orders for allies: a - Attack new target. r - Retreat! s - Stop attacking. g - Guard the area. f - Follow me.
Anything else - Cancel.
Gang up on whom?
Press: ? - help, Dir - move target, f - cyclops
Aim: a cyclops, quivering large rocks Attack!
The cyclops throws a large rock.
The large rock hits you!!!
You die...

............................#..
.......<...##########...#...###
............... #....#......
#####........... #....#......
........#..... #....#......
.........#..... #.. #......
...........#..... #......
.......)...######### #......
...........#..@...S############
#...................
#...................
#.........C.........
#########....C......
######...... #... #......
#....#...... #....#......


You could see a cyclops (ally target) and a friendly mana viper (summoned).

Vanquished Creatures
  Sonja (D:12)
  An efreet (D:13)
  An unseen horror (D:11)
  A troll (D:12)
  Grinder (D:5)
  A hornet (D:10)
  A slime creature (D:7)
  2 yaks
  A wraith (D:7)
  Eustachio (D:4)
  A wyvern (D:9)
  A vampire (D:7)
  A basilisk (D:9)
  A steam dragon (D:8)
  Duvessa (D:5)
  A water moccasin (D:8)
  2 sky beasts
  3 orc warriors (D:9)
  2 black bears
  2 necrophages
  3 centaurs (D:9)
  2 ogres
  2 phantoms
  2 kobold brigands
  5 scorpions
  2 wyvern zombies
  A water moccasin zombie (D:5)
  A water moccasin skeleton (D:5)
  Dowan (D:5)
  9 wights
  7 killer bees
  An electric eel (D:6)
  2 bullfrog zombies
  3 hounds
  4 centaur zombies
  9 orc priests
  2 bullfrog skeletons
  A gnoll shaman (D:7)
  2 centaur skeletons
  8 orc wizards
  An iguana (D:4)
  A howler monkey zombie (D:7)
  3 gnolls (D:7)
  7 adders
  A shadow imp (D:6)
  A white imp (D:4)
  An ufetubus (D:6)
  An adder skeleton (D:2)
  A dart slug (D:1)
  22 orcs
  2 bats (D:1)
  7 endoplasms
  6 giant cockroaches
  4 goblins
  7 hobgoblins
  6 quokkas
  7 ball pythons
  A frilled lizard (D:2)
  16 kobolds
  4 rats
192 creatures vanquished.

Vanquished Creatures (collateral kills)
  A slime creature (D:12)
  A cyclops (D:12)
  An elephant (D:9)
  A centaur zombie (D:11)
  2 komodo dragons
  A wyvern (D:10)
  2 wraiths
  14 yaks
  3 acid dragons
  An orc warrior (D:10)
  5 killer bees
  An orc priest (D:10)
  An orc wizard (D:10)
  2 howler monkey zombies
36 creatures vanquished.

Vanquished Creatures (others)
  3 orcs (D:8)
  14 fulminant prisms
  A fungus (D:9)
  9 plants
27 creatures vanquished.

Grand Total: 255 creatures vanquished

Notes
Turn   | Place    | Note
-------+----------+-------------------------------------------
     0 | D:1      | jjjjhere the Ogre Conjurer began the quest for the Orb.
     0 | D:1      | Reached XP level 1. HP: 16/16 MP: 3/3
     6 | D:1      | Noticed a hound
     6 | D:1      | Noticed a black bear
     7 | D:1      | Noticed a swamp drake
    38 | D:1      | Found a faded altar of an unknown god.
   112 | D:1      | Prayed at the altar of an unknown god.
   112 | D:1      | Became a worshipper of the Shining One
   112 | D:1      | Reached * piety under the Shining One
   175 | D:1      | Reached XP level 2. HP: 22/24 MP: 3/5
   178 | D:1      | Learned a level 2 spell: Searing Ray
   625 | D:1      | Found Zothref's Magic Scroll Shoppe.
   768 | D:1      | Reached XP level 3. HP: 31/31 MP: 4/7
  1325 | D:2      | Reached XP level 4. HP: 39/39 MP: 1/9
  1883 | D:2      | Reached ** piety under the Shining One
  2256 | D:3      | Reached XP level 5. HP: 50/50 MP: 6/11
  2910 | D:3      | Reached XP level 6. HP: 57/63 MP: 4/12
  2918 | D:3      | Reached skill level 5 in Fighting
  3725 | D:4      | Reached XP level 7. HP: 73/78 MP: 4/13
  3880 | D:4      | Found a shadowy altar of Dithmenos.
  3891 | D:4      | Found a basalt altar of Yredelemnul.
  3989 | D:4      | Learned a level 4 spell: Iskenderun's Mystic Blast
  3994 | D:4      | Learned a level 4 spell: Sticky Flame
  4016 | D:4      | Identified the +0 pair of gloves of Uzxygut {rN++}
  4363 | D:5      | Entered Level 5 of the Dungeon
  4466 | D:5      | Noticed Duvessa
  4466 | D:5      | Noticed Dowan
  4748 | D:5      | Noticed Eustachio
  4755 | D:4      | Killed Eustachio
  4756 | D:4      | Reached skill level 5 in Spellcasting
  4756 | D:4      | Reached skill level 5 in Conjurations
  4937 | D:5      | Reached XP level 8. HP: 83/88 MP: 10/15
  4968 | D:5      | Killed Duvessa
  4977 | D:5      | Killed Dowan
  5469 | D:5      | Reached XP level 9. HP: 49/100 MP: 4/19
  5778 | D:5      | Learned a level 4 spell: Fulminant Prism
  5861 | D:5      | Noticed Grinder
  5879 | D:5      | Killed Grinder
  5879 | D:5      | Reached *** piety under the Shining One
  5880 | D:5      | Reached skill level 10 in Fighting
  6052 | D:5      | Found a runed translucent door.
  6053 | D:5      | Noticed Crazy Yiuf
  7172 | D:6      | Found a staircase to the Ecumenical Temple.
  8149 | D:7      | Reached **** piety under the Shining One
  8171 | D:7      | Reached XP level 10. HP: 88/114 MP: 7/22
 10399 | D:9      | Learned a level 5 spell: Summon Mana Viper
 10833 | D:9      | Found a staircase to the Orcish Mines.
 10883 | D:9      | Reached skill level 1 in Hexes
 10883 | D:9      | Reached skill level 1 in Summonings
 11586 | D:9      | Found a staircase to the Lair.
 11591 | D:9      | Noticed an elephant
 11610 | D:9      | Killed an elephant
 11825 | D:9      | You fall into a shaft and drop 3 floors!
 11923 | D:11     | Reached XP level 11. HP: 108/123 MP: 8/24
 12031 | D:11     | Reached skill level 10 in Spellcasting
 12049 | D:11     | Found Xeimul's Antique Armour Boutique.
 12061 | D:11     | Bought an embroidered robe for 77 gold pieces
 12147 | D:10     | Entered Level 10 of the Dungeon
 13184 | D:10     | Learned a level 3 spell: Frozen Ramparts
 13402 | D:10     | Reached skill level 1 in Ice Magic
 14349 | D:12     | Found a portal to a secret trove of treasure.
 14392 | D:12     | Noticed Sonja
 14404 | D:12     | HP: 39/123 [poisoned by Sonja (curare-tipped dart)]
 14409 | D:12     | Killed Sonja
 14409 | D:12     | HP: 21/123 [poisoned by Sonja (curare-tipped dart)]
 14615 | D:12     | Was placed under penance by the Shining One
 14842 | D:12     | Reached skill level 5 in Hexes
 14950 | D:12     | Noticed a cyclops
 14956 | D:12     | Killed a cyclops
 15858 | D:13     | Noticed a cyclops
 15867 | D:13     | HP: 24/123 [cyclops/large rock (32)]
 15901 | D:13     | Hit by a large rock thrown by a cyclops

Illustrated notes

Levels and vault maps discovered:
D:1:      onia_arrival_zoo_common, layout_basic,
          shapermc_ecumenical_altar_mp_highgroup, serial_shops, shop_statue
D:2:      layout_basic
D:3:      layout_basic
D:4:      layout_basic, mainiacjoe_overflow_big_doors, grunt_ministairs_15,
          columned_hall_lemuel, minmay_misc_feat_alley
D:5:      layout_cave_pools, minmay_pentangle, uniq_eustachio,
          uniq_crazy_yiuf_cottage, uniq_grinder, uniq_duvessa
D:6:      layout_rooms, minmay_temple_entry_hall,
          hangedman_decor_clover_reticule, fountainhead, minmay_misc_feat_cross
D:7:      layout_loops_cross, minmay_shattered_shrine
D:8:      layout_loops_cross, enter_bailey_8, lemuel_flamethrower_2
D:9:      layout_roguey, david_lair_generic, minmay_orc_entry_temple_small
D:10:     layout_small_grid
D:11:     layout_loops_ring, serial_shops, nicolae_shop_overgrown_old_shop
D:12:     layout_loops_ring, enter_trove_3, serial_glass, glass_columns_a,
          glass_columns_a, glass_columns_b, glass_columns_a, glass_columns_a,
          glass_columns_b, glass_columns_a, glass_columns_b, glass_columns_b,
          glass_columns_c, glass_columns_b, glass_columns_a, glass_columns_b,
          glass_columns_c, uniq_sonja
D:13:     layout_grid_maze

Skill      XL: |  1  2  3  4  5  6  7  8  9 10 11 |
---------------+----------------------------------+-----
Spellcasting   | 3 4 5 6 8 9 11 | 11.4
Conjurations   | 4 5 6 7 9 |  9.4
Fighting       | 2 4 7 8 9 11 | 11.9
Hexes          | 3 5 |  5.6
Summonings     | 3 4 |  4.1
Ice Magic      | 3 |  3.5
Dodging        | |  1.7
Stealth        | |  1.4

Action                   |  1- 3 |  4- 6 |  7- 9 | 10-12 || total
-------------------------+-------+-------+-------+-------++-------
Melee: Unarmed           |     3 |       |       |       ||     3
       Dagger            |    13 |   102 |    50 |    75 ||   240
       Punch             |     1 |     4 |       |     2 ||     7
 Fire: Hunting sling     |       |       |    38 |    37 ||    75
 Cast: Magic Dart        |    49 |     2 |    15 |    10 ||    76
       Searing Ray       |     1 |    11 |    56 |    43 ||   111
       Sticky Flame      |       |       |     3 |     3 ||     6
       Fulminant Prism   |       |       |     3 |    11 ||    14
       Summon Mana Viper |       |       |       |    28 ||    28
       Iskenderun's Myst |       |       |       |     2 ||     2
       Frozen Ramparts   |       |       |       |     2 ||     2
  Use: Scroll            |       |       |    12 |     4 ||    16
       Potion            |       |       |       |     1 ||     1
Armor: Robe              |     7 |    43 |    95 |    50 ||   195
       Acid dragon scale |       |       |       |    16 ||    16
Dodge: Dodged            |     9 |    48 |    94 |    99 ||   250
